 Dungeon Crawl Stone Soup version 0.19.1-1-g22dce08 (webtiles) character file.

278 theAP the Cudgeler (level 6, -7/40 HPs)
             Began as a Gargoyle Fighter on Jan 9, 2017.
             Was an Initiate of Qazlal.
             Killed by divine providence
             ... invoked by an orc priest
              (13 damage)
             ... on level 4 of the Dungeon.
             The game lasted 00:06:13 (3500 turns).

theAP the Cudgeler (Gargoyle Fighter)               Turns: 3500, Time: 00:06:14

Health: -7/40      AC: 11    Str: 27    XL:     6   Next: 26%
Magic:  7/7        EV: 10    Int:  8    God:    Qazlal [......]
Gold:   181        SH: 12    Dex:  9    Spells: 0 memorised, 5 levels left

rFire  . . .     SeeInvis .     a - +0 flail
rCold  . . .     Gourm    .     b - +0 scale mail
rNeg   + . .     Faith    .     c - +0 shield
rPois  ∞         Spirit   .     (no helmet)
rElec  +         Reflect  +     (no cloak)
rCorr  .         Harm     .     (no gloves)
MR     .....                    (no boots)
Stlth  ..........               s - +3 amulet of reflection
                                (no ring)
                                n - +3 ring of evasion

@: mighty, drained
A: negative energy resistance 1, electricity resistance, unbreathing,
petrification resistance, rot immunity, AC +4
a: Renounce Religion


You were on level 4 of the Dungeon.
You worshipped Qazlal.
Qazlal was noncommittal.
You were not hungry.

You visited 1 branch of the dungeon, and saw 4 of its levels.

You collected 181 gold pieces.

Inventory:

Hand Weapons
 a - a +0 flail (weapon)
Armour
 b - a +0 scale mail (worn)
 c - a +0 shield (worn)
Jewellery
 l - an uncursed amulet of harm
 n - a +3 ring of evasion (left hand)
 s - a +3 amulet of reflection (around neck)
Scrolls
 e - a scroll of identify
 g - 2 scrolls of remove curse
 i - a scroll of teleportation
 t - a scroll of blinking
Potions
 h - a potion of agility
 m - a potion of beneficial mutation {unknown}
 p - a potion of resistance {unknown}
 u - a potion of heal wounds {unknown}
Comestibles
 f - 3 bread rations
 o - 4 fruits
 r - a slice of pizza


   Skills:
 + Level 4.9(4.3) Fighting
 * Level 5.0(4.4) Maces & Flails
 - Level 3.4(2.9) Armour
 - Level 3.3(2.8) Shields
 + Level 1.8(1.3) Invocations


You had 5 spell levels left.
You didn't know any spells.

Dungeon Overview and Level Annotations

Branches:
Dungeon (4/15)
 Temple: D:4-7

Altars:
Ashenzari
Cheibriados
Gozag
Qazlal
Uskayaw
Vehumet


Innate Abilities, Weirdness & Mutations

You are resistant to torment.
Your stone body is resilient. (AC +4)
You are immune to poison.
You resist negative energy. (rN+)
You are resistant to electric shocks. (rElec)
You can survive without breathing.
You are immune to petrification.
You are immune to rotting.


Message History

* * * LOW HITPOINT WARNING * * *
x2 You bludgeon the orc priest!!
You kill the orc priest!
Qazlal accepts your kill. You block the jackal's attack.
The jackal bites you but does no damage.
Natasha closely misses you.
You bludgeon Natasha!!
You kill Natasha!
Qazlal accepts your kill.
Natasha growls in agony!
The shadow imp disappears in a puff of smoke!
The iron imp disappears in a puff of smoke!
Your base Maces & Flails skill increases to level 5!
The jackal bites you but does no damage.
The jackal barely misses you.
You closely miss the jackal. You block the jackal's attack.
The orc priest mumbles some strange prayers to Beogh against you.
Beogh smites you!
You die...

...
... #
..
#(..
#.#o
#.§
#)##
##@#
##h##
#<##
#.##
#. #.
#. #.
..


You could see an orc priest and a jackal.

Vanquished Creatures
  A scorpion (D:3)
  2 orc priests (D:4)
  Natasha (D:4)
  A worker ant (D:4)
  A gnoll (D:1)
  5 adders
  2 worms (D:2)
  2 dart slugs
  An orc (D:4)
  9 bats
  2 giant cockroaches
  2 goblins
  4 hobgoblins
  8 jackals (D:1)
  2 quokkas
  6 frilled lizards
  6 kobolds
  10 rats
65 creatures vanquished.

Vanquished Creatures (others)
  An orc (D:3)
1 creature vanquished.

Grand Total: 66 creatures vanquished

Notes
Turn   | Place    | Note
-------+----------+-------------------------------------------
     0 | D:1      | theAP the Gargoyle Fighter began the quest for the Orb.
     0 | D:1      | Reached XP level 1. HP: 14/14 MP: 1/1
    48 | D:1      | Reached XP level 2. HP: 15/19 MP: 2/2
   477 | D:1      | Found a snail-covered altar of Cheibriados.
   523 | D:1      | Reached XP level 3. HP: 22/24 MP: 3/3
  1042 | D:2      | Reached skill level 3 in Maces & Flails
  1106 | D:2      | Found an opulent altar of Gozag.
  1161 | D:2      | Reached XP level 4. HP: 29/29 MP: 4/4
  1258 | D:2      | Found a hide-covered altar of Uskayaw.
  1920 | D:3      | Found a radiant altar of Vehumet.
  1920 | D:3      | Found a shattered altar of Ashenzari.
  1992 | D:3      | Found a stormy altar of Qazlal.
  2026 | D:3      | Became a worshipper of Qazlal Stormbringer
  2175 | D:3      | Reached skill level 4 in Maces & Flails
  3289 | D:3      | Reached XP level 5. HP: 34/34 MP: 5/5
  3425 | D:3      | Reached skill level 1 in Invocations
  3465 | D:4      | Noticed Natasha
  3491 | D:4      | Reached XP level 6. HP: 17/39 MP: 7/7
  3499 | D:4      | Killed Natasha
  3499 | D:4      | Reached skill level 5 in Maces & Flails
  3500 | D:4      | Killed from afar by an orc priest

Skill      XL: |  1  2  3  4  5  6 |
---------------+-------------------+-----
Fighting       | 4 |  4.9
Maces & Flails | 3 4 5 |  5.0
Invocations    | 1 |  1.8
Armour         | |  3.4
Shields        | |  3.3

Action                   |  1- 3 |  4- 6 || total
-------------------------+-------+-------++-------
Melee: Flail             |   121 |   150 ||   271
  Use: Scroll            |       |    10 ||    10
       Potion            |       |     2 ||     2
  Eat: Chunk             |     1 |     2 ||     3
       Meat ration       |       |     1 ||     1
       Beef jerky        |       |     1 ||     1
Armor: Scale mail        |    78 |    82 ||   160
Dodge: Dodged            |    46 |    66 ||   112
Block: Shield            |    69 |   116 ||   185
       Reflection        |       |     5 ||     5
